 Dungeon Crawl Stone Soup version 0.15.0-13-gb296d5c (console) character file.

49 gw the Skirmisher (level 3, -1/29 HPs)
             Began as a Demonspawn Abyssal Knight on Sept 3, 2014.
             Was a Follower of Lugonu.
             Slain by a giant frog (2 damage)
             ... on Level 2 of the Dungeon.
             The game lasted 00:00:47 (2057 turns).

gw the Skirmisher (Demonspawn Abyssal Knight)       Turns: 2057, Time: 00:00:47

HP  -1/29        AC  4     Str 12      XL: 3   Next: 51%
MP   5/5         EV 10     Int 13      God: Lugonu [*.....]
Gold 0           SH  0     Dex 13      Spells:  0 memorised,  2 levels left

rFire  + . .     SeeInvis .     a - +1 mace
rCold  . . .     Clarity  .     e - +0 leather armour
rNeg   + . .     rCorr    .     (no shield)
rPois  .         rRot     .     (no helmet)
rElec  .         Spirit   .     (no cloak)
SustAb .         Warding  +     f - +0 pair of gloves
rMut   .         Stasis   .     (no boots)
Gourm  .                        c - amulet of warding
MR     .....                    (no ring)
                                (no ring)

@: not resistant to hostile enchantments, very unstealthy
A: fire resistance 1, powered by death 1, slow healing 1
a: Depart the Abyss, Renounce Religion


You were on level 2 of the Dungeon.
You worshipped Lugonu.
Lugonu was aware of your devotion.
You were not hungry.

You visited 1 branch of the dungeon, and saw 2 of its levels.
You visited the Abyss 1 time.

Inventory:

Hand weapons
 a - a +1 mace (weapon)
Missiles
 h - 48 stones (quivered)
Armour
 e - a +0 leather armour (worn)
 f - a +0 pair of gloves (worn)
Comestibles
 g - 2 beef jerkies
 j - 3 meat rations
Scrolls
 b - a scroll of remove curse
Jewellery
 c - an amulet of warding (around neck)
Potions
 d - a potion of restore abilities {unknown}
 i - a potion of magic {unknown}


   Skills:
 + Level 3.2 Fighting
 + Level 2.1 Maces & Flails
 + Level 1.1 Throwing
 + Level 2.3 Armour
 - Level 0.8 Dodging
 + Level 3.2 Invocations


You had 2 spell levels left.
You didn't know any spells.

Dungeon Overview and Level Annotations

Branches:
Dungeon (2/15)

Altars:


Innate Abilities, Weirdness & Mutations

You can steal the life force of nearby defeated enemies.
Your flesh is heat resistant.
You heal slowly when monsters are visible.


Message History

The giant frog hits you!
MOVING TO (-2,6)
The giant frog hits you.
MOVING TO (-2,5) MOVING TO (-2,4)
The giant frog hits you.
MOVING TO (-2,3) MOVING TO (-1,2)
The rat twitches its whiskers.
The giant frog closely misses you.
MOVING TO (-1,1) MOVING TO (-8,1)
The giant frog completely misses you. The giant frog closely misses you.
MOVING TO (-7,1) MOVING TO (-6,1)
The giant newt bites you. The giant frog completely misses you.
MOVING TO (-5,1) MOVING TO (-4,1)
The giant frog hits you.
You die...

.................#
######
......#..#.......#
.....#
......##........#
####.#
......##........#
#.#
.....#[?#.......#
#.#
...............#
#.#
...............#
#.#
..........r....##
#.#
........6F.J..##
#.#
#........l...##
#.# #..........##
.## #.#
###........## ###
..#
#.####.####''####
. #.. #.#
#.........#...
...#.# #.#
######.#.###.#
#..#.# #.# #.#.#
#.# #..#.# #.#
#.#.# #.# #..#.#
#.#


You could see a giant frog, an ooze, a giant newt and a rat.

Table legend:
 A = Turns spent in this place as a percentage of turns spent in the entire game.
 B = Non-inter-level travel turns spent in this place as a percentage of non-inter-level travel turns spent in the entire game.
 C = Inter-level travel turns spent in this place as a percentage of turns spent in this place.
 D = Turns resting spent in this place as a percentage of non-inter-level travel turns spent in this place.
 E = Turns spent auto-exploring this place as a percentage of non-inter-level travel turns spent in this place.
 F = Non-inter-level travel turns spent in this place divided by the number of levels of this place that you've seen.
                   A       B       C       D       E      F
               +-------+-------+-------+-------+-------+----------------------
         Total | 100.0 | 100.0 |   1.5 |   5.8 |  21.5 | 127.3
       Dungeon |  94.8 |  94.8 |   1.6 |   6.1 |  20.4 | 181.0
         Abyss |   5.2 |   5.2 |   0.0 |   0.0 |  40.0 |  20.0
               +-------+-------+-------+-------+-------+----------------------

Table legend:
 A = Kills in this place as a percentage of kills in entire the game.
 B = Kills by you in this place as a percentage of kills by you in the entire game.
 C = Kills by friends in this place as a percentage of kills by friends in the entire game.
 D = Other kills in this place as a percentage of other kills in the entire game.
 E = Experience gained in this place as a percentage of experience gained in the entire game.
 F = Experience gained in this place divided by the number of levels of this place that you have seen.
                   A       B       C       D       E      F
               +-------+-------+-------+-------+-------+----------------------
         Total | 100.0 | 100.0 |  -nan |  -nan | 100.0 |  23.3
       Dungeon |  96.7 |  96.7 |  -nan |  -nan |  88.6 |  31.0
         Abyss |   3.3 |   3.3 |  -nan |  -nan |  11.4 |   8.0
               +-------+-------+-------+-------+-------+----------------------

Vanquished Creatures
  An adder (D:2)
  A white imp (Abyss:1)
  A worm (D:2)
  A giant gecko (D:2)
  A ball python (D:1)
  7 bats
  7 hobgoblins
  A giant cockroach (D:2)
  2 giant newts
  2 goblins (D:1)
  2 kobolds
  4 rats
30 creatures vanquished.

Notes
Turn   | Place    | Note
--------------------------------------------------------------
     0 | Abyss:1  | gw, the Demonspawn Abyssal Knight, began the quest for the Orb.
     0 | Abyss:1  | Reached XP level 1. HP: 18/18 MP: 1/1
   150 | Abyss:1  | Noticed a wandering mushroom
   151 | D:1      | Escaped the Abyss
   300 | D:1      | Gained mutation: You can steal the life force of nearby defeated enemies. [demonic ancestry]
   300 | D:1      | Reached XP level 2. HP: 22/24 MP: 2/2
   616 | D:1      | Acquired Lugonu's first power
  1066 | D:1      | Gained mutation: You heal slowly when monsters are visible. [potion of mutation]
  1066 | D:1      | Gained mutation: Your flesh is heat resistant. [potion of mutation]
  1300 | D:2      | Reached XP level 3. HP: 29/29 MP: 5/5
  1388 | D:2      | Reached skill level 1 in Throwing
  1556 | D:2      | HP: 1/29 [poisoned by an adder]
  2021 | D:2      | Noticed a giant frog
  2055 | D:2      | HP: 1/29 [giant newt (1)]
  2057 | D:2      | Slain by a giant frog

Action                   || total
-------------------------++-------
Melee: Mace              ||    77
Throw: Stone             ||    68
Invok: Depart the Abyss  ||     1
  Use: Scroll            ||     5
       Potion            ||     1
  Eat: Chunk             ||     1
       Bread ration      ||     1

Vault maps used:
D:1:      minmay_arrival_hallway, grunt_decor_clamped
D:2:      kennysheep_big_flooded_room, nicolae_overflow_hidden_temple
